 Dungeon Crawl Stone Soup version 0.29.1-12-g30fa7ad0bf (webtiles) character file.

Game seed: 708092051666966553

130 croobank the Conjurer (level 4, -4/33 HPs)
             Began as a Demigod Conjurer on Jan 11, 2023.
             Slain by a hound (5 damage)
             ... on level 3 of the Dungeon.
             The game lasted 00:07:19 (3889 turns).

croobank the Conjurer (Demigod Conjurer)            Turns: 3889, Time: 00:07:20

Health: -4/33      AC:  4    Str:  8    XL:     4   Next: 60%
Magic:  4/10       EV: 12    Int: 24    God:
Gold:   98         SH:  0    Dex: 12    Spells: 2/8 levels left

rFire   + . .      SeeInvis .   a - +0 dagger (drain)
rCold   + . .      Faith    .   (no shield)
rNeg    . . .      Spirit   .   m - +2 robe {Will+}
rPois   +          Reflect  .   (no helmet)
rElec   +          Harm     .   (no cloak)
rCorr   +          Rampage  .   (no gloves)
Will    +....                   (no boots)
Stlth   +.........              d - amulet of magic regeneration
HPRegen 0.11/turn               (no ring)
MPRegen 0.52/turn               (no ring)

@: resistant, very slightly contaminated, very slow
A: high MP 1, forlorn, divine attributes
a: no special abilities


You were on level 3 of the Dungeon.
You visited 1 branch of the dungeon, and saw 3 of its levels.

You collected 98 gold pieces.

Inventory:

Hand Weapons
 a - a +0 dagger of draining (weapon)
 f - a +0 short sword
Armour
 m - a +2 robe of willpower (worn)
Jewellery
 d - an amulet of magic regeneration (around neck)
Wands
 n - a wand of iceblast (8)
Scrolls
 c - a scroll of identify
 g - 2 scrolls of teleportation {unknown}
 h - a scroll of fear {unknown}
 i - 2 scrolls of torment {unknown}
 j - a scroll of acquirement {unknown}
 o - 2 scrolls of immolation {unknown}
Potions
 b - a potion of magic
 p - a potion of might {unknown}
 q - a potion of ambrosia {unknown}


   Skills:
 + Level 2.7 Dodging
 + Level 3.0 Stealth
 + Level 2.5 Spellcasting
 + Level 4.2 Conjurations


You had 2 spell levels left.
You knew the following spells:

 Your Spells              Type           Power      Damage    Failure   Level
a - Magic Dart            Conj           92%        1d7       1%          1
b - Searing Ray           Conj           46%        2d6       3%          2
c - Dazzling Flash        Conj/Hex       26%        N/A       14%         3

Your spell library contained the following spells:

 Spells                   Type           Power      Damage    Failure   Level
 Shock                    Conj/Air       52%        1d6       4%          1
 Call Canine Familiar     Summ           3%         N/A       34%         3
 Inner Flame              Hex/Fire       3%         N/A       34%         3
 Portal Projectile        Hex/Tloc       6%         N/A       34%         3
 Swiftness                Air            3%         N/A       34%         3
 Fulminant Prism          Conj/Hex       6%         3d7       43%         4
 Iskenderun's Mystic Bla  Conj/Tloc      13%        2d5       43%         4
 Airstrike                Air            1%         2d(1-17)  75%         4
 Animate Dead             Necr           3%         N/A       75%         4
 Cause Fear               Hex            1%         N/A       75%         4
 Leda's Liquefaction      Hex/Erth       1%         N/A       75%         4
 Haunt                    Necr/Summ      1%         N/A       100%        7
 Discord                  Hex            1%         N/A       100%        8
 Infestation              Necr           1%         N/A       100%        8
 Chain Lightning          Conj/Air       6%         3d8       100%        9
 Fire Storm               Conj/Fire      6%         8d2       100%        9
 Shatter                  Erth           1%         3d6*      100%        9


Dungeon Overview and Level Annotations

Branches:
Dungeon (3/15)


Innate Abilities, Weirdness & Mutations

You have an increased reservoir of magic. (+10% MP)
You shall have no god before yourself.
Your divine heritage dramatically boosts your attributes as you level up.


Message History

The jackal is dazzled. x6; The jackal is no longer blind.
The hound splashes around in the water.
The jackal closely misses you. The jackal bites you.
* * * LOW HITPOINT WARNING * * *
The jackal splashes around in the water.
The jackal bites you but does no damage.
The jackal closely misses you.
The hound splashes around in the water.
The jackal misses you.
The jackal splashes around in the water.
The jackal bites you but does no damage.
You barely miss the jackal. The jackal barely misses you.
The jackal closely misses you. The hound barely misses you.
The jackal bites you.
* * * LOW HITPOINT WARNING * * *
The jackal barely misses you. x3
As you read the scroll labelled ITSILO HADDI, it crumbles to dust.
You feel aware of your surroundings.
You sensed 3 altars.
It was a scroll of magic mapping.
The jackal closely misses you. The hound barely misses you.
The jackal closely misses you.
The jackal splashes around in the water.
The jackal misses you. The jackal closely misses you.
The jackal barely misses you. The hound closely misses you.
You feel better.
The jackal is no longer blind.
The jackal barely misses you. The jackal bites you.
* * * LOW HITPOINT WARNING * * *
The jackal barely misses you. The jackal closely misses you.
The jackal splashes around in the water.
The hound stops to sniff the water.
The hound bites you.
* * * LOW HITPOINT WARNING * * *
The jackal barely misses you.
The jackal stops to sniff the water.
The jackal closely misses you. The jackal bites you.
* * * LOW HITPOINT WARNING * * *
It was a potion of resistance.
You feel protected.
The jackal is no longer blind. x2
The jackal splashes around in the water.
The hound bites you.
You die...

,,,,,,,,,*8,,+,,,,+,,,,,,,,,+,*,*
,**++**,,*8,,+,,,,+,,,,,,,,,*,*,*
**,,,,*,,,,,,*8,,8*,,,,,,,,,*,*,*
,,,,,,*************************,*
+*,,,,+,,,,,,,,,,,,,,,,,,,,,,,*+*
,********###############*******,,
,*,,,,,,,....)..hh....).,,,,,,*,,
**~~~~~~~≈~~~≈~h≈h~~~~~~~~~~~~***
~~~~~~~~~~≈~≈~≈h@≈≈≈≈≈≈≈~~~~~~~~~
~~~~~~~~~~~~h~~hhh~~~~~~~~~~~~~~~
,,,,,,,,,.............P.,,,,,,,,,
,,,,,,,,,...............,,,,,,,,,
*********###############*********


You could see a howler monkey, a hound and 7 jackals.

Vanquished Creatures
  A gnoll (D:3)
  4 adders
  2 dart slugs (D:1)
  An orc (D:3)
  5 bats
  4 endoplasms
  3 giant cockroaches
  13 hobgoblins
  3 jackals (D:3)
  11 kobolds
  2 quokkas
  9 ball pythons
  3 frilled lizards (D:1)
  7 goblins
  8 rats
76 creatures vanquished.

Notes
Turn   | Place    | Note
-------+----------+-------------------------------------------
     0 | D:1      | croobank the Demigod Conjurer began the quest for the Orb.
     0 | D:1      | Reached XP level 1. HP: 14/14 MP: 5/5
   371 | D:1      | Reached XP level 2. HP: 14/20 MP: 4/7
   474 | D:1      | Learned a level 2 spell: Searing Ray
  1711 | D:1      | Reached XP level 3. HP: 22/26 MP: 8/8
  1757 | D:1      | Learned a level 3 spell: Dazzling Flash
  2636 | D:2      | Reached skill level 4 in Conjurations
  3153 | D:2      | Reached XP level 4. HP: 16/33 MP: 7/10
  3888 | D:3      | HP: 1/33 [jackal (3)]
  3889 | D:3      | Slain by a hound

Illustrated notes

Levels and vault maps discovered:
D:1:      minmay_arrival_checkered_box, layout_loops_corners,
          hellmonk_ecumenical_altar_slurped_away, nicolae_figureground_pulse
D:2:      layout_loops_ring, corner_web_ring, chequers_serial_rivers_large_a,
          minmay_fractal_squares_gapless_5
D:3:      lemuel_castle_with_subvaults [lemuel_castle_interior_carwin_2],
          layout_basic, grunt_gozag_breadcrumbs, mainiacjoe_overflow_catwalk,
          lemuel_doored_altar, kennysheep_generic_room_2, uniq_terence

Skill      XL: |  1  2  3  4 |
---------------+-------------+-----
Stealth        | 2 3 |  3.0
Dodging        | 2 |  2.7
Spellcasting   | 2 |  2.5
Conjurations   | 4 |  4.2

Action                   |  1- 3 |  4- 6 || total
-------------------------+-------+-------++-------
Melee: Dagger            |    39 |    29 ||    68
 Cast: Magic Dart        |    35 |     4 ||    39
       Searing Ray       |    23 |     8 ||    31
       Dazzling Flash    |     2 |     5 ||     7
  Use: Scroll            |       |     2 ||     2
       Potion            |       |     2 ||     2
 Stab: Sleeping          |     3 |     1 ||     4
       Invisible         |       |     4 ||     4
Armor: Robe              |    10 |    27 ||    37
Dodge: Dodged            |    47 |   102 ||   149
